 Dungeon Crawl Stone Soup version 0.29.1-15-g9cfb28693d (webtiles) character file.

Game seed: 6836285479830771208

534 hawla the Firebug (level 7, -2/51 HPs)
             Began as a Meteoran Fire Elementalist on Apr 24, 2023.
             Killed by miscasting Flame Wave (12 damage)
             ... on level 5 of the Dungeon.
             The game lasted 00:06:53 (1129 turns).

hawla the Firebug (Meteoran Fire Elementalist)      Turns: 1129, Time: 00:06:53

Health: -2/51      AC:  5    Str:  9    XL:     7   Next: 79%
Magic:  6/15       EV: 13    Int: 17    God:
Gold:   66         SH:  0    Dex: 19    Spells: 8/15 levels left

rFire   + . .      SeeInvis .   f - +8 lance "Wyrmbane" {slay drac, rPois rF+ rC+ AC+3}
rCold   + . .      Faith    .   (no shield)
rNeg    . . .      Spirit   .   a - +0 robe
rPois   +          Reflect  .   (no helmet)
rElec   .          Harm     .   (no cloak)
rCorr   .          Rampage  .   (no gloves)
Will    .....                   (no boots)
Stlth   +.........              (no amulet)
HPRegen 0.17/turn               (no ring)
MPRegen 0.14/turn               (no ring)

@: very slightly contaminated, glowing
A: sense surroundings 1, otherworldly, glowing, explore regen, agile 1, wild
magic 1
a: no special abilities


You were on level 5 of the Dungeon.
You visited 1 branch of the dungeon, and saw 5 of its levels.

You collected 66 gold pieces.

Inventory:

Hand Weapons
 f - the +8 lance "Wyrmbane" (weapon) {slay drac, rPois rF+ rC+ AC+3}
   (You acquired it on level 2 of the Dungeon)

   It inflicts extra damage against dragons and draconians.
   AC:        It affects your AC (+3).
   rF:        It protects you from fire.
   rC:        It protects you from cold.
   rPois:     It protects you from poison.
 k - a +0 quarterstaff
Armour
 a - a +0 robe (worn)
Wands
 b - a wand of paralysis (8)
 m - a wand of flame (33) (quivered)
Scrolls
 i - 2 scrolls of poison {unknown}
 j - 2 scrolls of immolation {unknown}
 l - a scroll of acquirement
Potions
 c - a potion of degeneration {unknown}
 d - a potion of might {unknown}
 e - a potion of curing {unknown}
 g - 2 potions of cancellation {unknown}
 h - a potion of invisibility {unknown}


   Skills:
 + Level 0.7 Fighting
 + Level 1.9 Polearms
 + Level 3.0 Dodging
 - Level 1.4 Stealth
 + Level 4.8 Spellcasting
 + Level 5.2 Conjurations
 + Level 5.2 Fire Magic
 + Level 3.0 Evocations


You had 8 spell levels left.
You knew the following spells:

 Your Spells              Type           Power      Damage    Failure   Level
a - Foxfire               Conj/Fire      100%       2x1d9     3%          1
b - Scorch                Fire           56%        2d8       4%          2
c - Flame Wave            Conj/Fire      28%        2d9       24%         4

Your spell library contained the following spells:

 Spells                   Type           Power      Damage    Failure   Level
 Conjure Flame            Conj/Fire      28%        6-21      8%          3
 Summon Small Mammal      Summ           20%        N/A       21%         1
 Inner Flame              Hex/Fire       17%        N/A       21%         3
 Call Canine Familiar     Summ           5%         N/A       50%         3
 Gell's Gravitas          Tloc           5%         N/A       50%         3
 Lesser Beckoning         Tloc           5%         N/A       50%         3
 Summon Guardian Golem    Hex/Summ       5%         N/A       50%         3
 Teleport Other           Tloc           5%         N/A       50%         3


Dungeon Overview and Level Annotations

Branches:
Dungeon (5/15) Zot: 1859
 Temple: D:4-7

Altars:
Cheibriados
Elyvilon
Hepliaklqana
Uskayaw
Xom
The Shining One

Shops:
D:4 :


Innate Abilities, Weirdness & Mutations

You passively map a small area around you.
You are easily found by Zot.
You glow in the dark.
You regain HP and MP as you explore.
You are agile. (Dex +4, Str/Int -1)
Your spells are a little harder to cast, but a little more powerful.


Message History

You add the spells Lesser Beckoning, Gell's Gravitas and Teleport Other to your library.
Okay, then.
You hear a distant slurping noise.
An iguana comes into view.
Found 17 gold pieces.
The iguana hisses angrily.
You barely miss the iguana. The iguana bites you!
You hit the iguana but do no damage. The iguana bites you!
You completely miss the iguana. The iguana bites you!
You are too injured to fight recklessly!
You are too injured to fight recklessly!
Casting: Foxfire (safe; 3% risk of failure)
Confirm with . or Enter, or press ? or * to list all spells.
Flames lash the iguana.
The iguana is lightly wounded.
The iguana's fire resistance burns away.
You hear a shout!
An ufetubus comes into view.
The iguana bites you!
* * * LOW HITPOINT WARNING * * *
You feel much better.
The iguana bites you but does no damage.
Casting: Scorch (safe; 4% risk of failure)
Confirm with . or Enter, or press ? or * to list all spells.
Flames lash the iguana.
The iguana is burned terribly!
The iguana is heavily wounded.
The iguana bites you.
Casting: Scorch (safe; 4% risk of failure)
Confirm with . or Enter, or press ? or * to list all spells.
You conjure some foxfire!
The iguana bites you!
* * * LOW HITPOINT WARNING * * *
Casting: Foxfire (safe; 3% risk of failure)
Confirm with . or Enter, or press ? or * to list all spells.
The spell is quite dangerous to miscast (24% risk of failure)!
Continue anyway?
Casting: Flame Wave (quite dangerous; 24% risk of failure)
Press: ? - help, Dir - look around, f - activate You miscast Flame Wave.
You are very lightly contaminated with residual magic.
You feel a strange surge of energy!
You die...

, ,, #####...$
* , ........#
, ........# *
, ........#* ,
*,........# *
..$..5..#* , *
......lv#####
, , ,, * *
#@....#, , *
#v###.# , ,
#...# * , *, ,
###.#, *
#####.####...
#............,
*
#.###.###....
, *
#.###.......#
* ,#...###...#


You could see an iguana (combustible, ally target) and an ufetubus.

Vanquished Creatures
  Duvessa (D:4)
  A black bear (D:4)
  Dowan (D:4)
  A howler monkey (D:4)
  A hound (D:4)
  An orc priest (D:4)
  Ijyb (D:4)
  Natasha (D:4)
  An iguana (D:4)
  An orc wizard (D:4)
  3 adders (D:4)
  A shadow imp (D:4)
  3 dart slugs
  11 orcs
  2 endoplasms
  2 giant cockroaches
  4 goblins
  4 hobgoblins (D:4)
  2 jackals (D:2)
  3 bats
  3 kobolds
  3 rats
51 creatures vanquished.

Vanquished Creatures (others)
  93 foxfires
93 creatures vanquished.

Grand Total: 144 creatures vanquished

Notes
Turn   | Place    | Note
-------+----------+-------------------------------------------
     0 | D:1      | hawla the Meteoran Fire Elementalist began the quest for
                  | the Orb.
     0 | D:1      | Reached XP level 1. HP: 14/14 MP: 5/5
   106 | D:1      | Reached XP level 2. HP: 20/20 MP: 2/7
   119 | D:2      | Identified a scroll of acquirement
   119 | D:2      | Acquired the +8 lance "Wyrmbane" {slay drac, rPois rF+ rC+
                  | AC+3}
   119 | D:2      | Found the +8 lance "Wyrmbane" {slay drac, rPois rF+ rC+
                  | AC+3}
   311 | D:2      | Reached XP level 3. HP: 26/26 MP: 8/8
   314 | D:2      | Learned a level 2 spell: Scorch
   463 | D:4      | Noticed Ijyb
   469 | D:4      | Paralysed by Ijyb for 3 turns
   476 | D:4      | Reached skill level 1 in Polearms
   476 | D:4      | Reached XP level 4. HP: 27/33 MP: 3/10
   482 | D:4      | Found a shimmering altar of Xom.
   539 | D:4      | Found a snail-covered altar of Cheibriados.
   539 | D:4      | Found a hide-covered altar of Uskayaw.
   540 | D:4      | Found a hazy altar of Hepliaklqana.
   595 | D:4      | Noticed a black bear
   599 | D:4      | Killed a black bear
   600 | D:4      | Reached skill level 5 in Fire Magic
   600 | D:4      | Reached XP level 5. HP: 39/39 MP: 4/12
   605 | D:4      | Found a white marble altar of Elyvilon.
   617 | D:4      | Noticed Natasha
   620 | D:4      | Killed Natasha
   621 | D:4      | Reached XP level 6. HP: 31/46 MP: 7/13
   639 | D:4      | Paralysed by Ijyb for 2 turns
   646 | D:4      | Gained mutation: You are agile. (Dex +4, Str/Int -1)
                  | [potion of mutation]
   646 | D:4      | Gained mutation: Your spells are a little harder to cast,
                  | but a little more powerful. [potion of mutation]
   648 | D:4      | Paralysed by Ijyb for 3 turns
   652 | D:4      | Killed Ijyb
   660 | D:4      | Learned a level 4 spell: Flame Wave
   672 | D:4      | Found Ohaqap's Vocational Training.
   676 | D:4      | Noticed Duvessa
   676 | D:4      | Noticed Dowan
   685 | D:4      | Killed Duvessa
   685 | D:4      | Killed Dowan
   686 | D:4      | Reached XP level 7. HP: 28/51 MP: 3/15
   707 | D:4      | Reached skill level 5 in Conjurations
   711 | D:4      | Reached skill level 1 in Evocations
   852 | D:4      | Found a glowing golden altar of the Shining One.
  1089 | D:5      | Entered Level 5 of the Dungeon
  1129 | D:5      | Killed by miscasting Flame Wave

Illustrated notes

Levels and vault maps discovered:
D:1:      lightli_iron_boxes, layout_basic, dreamdust_ecumenical_altar_grove,
          dreamdust_wishing_well
D:2:      layout_loops_ring
D:3:      layout_loops_ring, serial_shops, nicolae_shop_stone,
          palyth_stone_intersect
D:4:      layout_rooms, mainiacjoe_overflow_small_starburst,
          nicolae_overflow_crystal_walls, gammafunk_temple_overflow_forgotten,
          lemuel_tele_altar, nicolae_shop_vocational, uniq_natasha,
          uniq_duvessa, uniq_ijyb
D:5:      layout_basic, uniq_grinder

Skill      XL: |  1  2  3  4  5  6  7 |
---------------+----------------------+-----
Spellcasting   | 3 4 |  4.8
Fire Magic     | 4 5 |  5.2
Polearms       | 1 |  1.9
Dodging        | 3 |  3.0
Conjurations   | 4 5 |  5.2
Evocations     | 3 |  3.0
Fighting       | |  0.7
Stealth        | |  1.4

Action                   |  1- 3 |  4- 6 |  7- 9 || total
-------------------------+-------+-------+-------++-------
Melee: Unarmed           |     2 |       |       ||     2
       Lance             |    26 |     5 |     6 ||    37
 Cast: Foxfire           |    24 |    13 |    16 ||    53
       Scorch            |     7 |    15 |     6 ||    28
       Flame Wave        |       |     2 |       ||     2
  Use: Scroll            |     2 |     1 |       ||     3
       Potion            |     1 |     2 |     1 ||     4
Armor: Robe              |    13 |     4 |     1 ||    18
Dodge: Dodged            |    16 |     6 |     6 ||    28
